General information
- name: grudge07
- type: Ladder 1vs1/FFA
- host: BEAR_AND
- saver: BEAR_AND
map: FrozenHarvest
- players: 7
- length: 14:42
- speed: Fast
- version: 1.21 W3XP
- replay type:

» download(62 KB)
Players
team 1 (winner)
WWGT]Maxx (
green | 238 APM | 3492 actions | 14:41)
4 Archmage
2 Summon Water Elemental
2 Brilliance Aura
3 Mountain King
2 Storm Bolt
1 Bash
» actions
| Assign group hotkey | 53 | |
| Basic commands | 490 | |
| Build / train | 47 | |
| Enter build submenu | 27 | |
| Enter hero's abilities submenu | 7 | |
| Give item / drop item | 1 | |
| Right click | 1026 | |
| Select / deselect | 311 | |
| Select group hotkey | 1463 | |
| Use ability | 67 | |
3492 total
» units
| Peasant | 12 | |
| Footman | 5 | |
| Sorceress | 5 | |
| Priest | 3 | |
| Spell Breaker | 1 | |
26 total
» upgrades
» buildings
| Altar of Kings | 1 | |
| Farm | 6 | |
| Barracks | 1 | |
| Scout Tower | 12 | |
| Keep | 4 | |
| Arcane Tower | 1 | |
| Arcane Vault | 1 | |
| Arcane Sanctum | 2 | |
| Lumber Mill | 1 | |
| Guard Tower | 5 | |
34 total
» build order
00:05 Altar of Kings
00:17 Farm
00:19 Barracks
00:49 Farm
02:27 Scout Tower
02:50 Farm
02:53 Keep
02:53 Keep
03:21 Arcane Tower
04:16 Arcane Vault
05:23 Arcane Sanctum
05:39 Farm
05:45 Farm
07:34 Arcane Sanctum
09:28 Farm
10:37 Scout Tower
10:39 Scout Tower
10:40 Scout Tower
11:03 Scout Tower
11:05 Scout Tower
11:13 Lumber Mill
11:17 Scout Tower
11:38 Scout Tower
12:14 Guard Tower
12:16 Scout Tower
12:17 Scout Tower
12:37 Scout Tower
12:49 Guard Tower
13:23 Guard Tower
14:00 Scout Tower
14:01 Guard Tower
14:28 Guard Tower
» items
team 2 (loser)
WWGT]AnnaKondra (
red | 62 APM | 911 actions | 14:42)
3 Blademaster
2 Wind Walk
1 Critical Strike
» actions
| Assign group hotkey | 11 | |
| Basic commands | 1 | |
| Build / train | 35 | |
| Enter build submenu | 17 | |
| Enter hero's abilities submenu | 3 | |
| Remove unit from queue | 2 | |
| Right click | 528 | |
| Select / deselect | 227 | |
| Select group hotkey | 44 | |
| Use ability | 43 | |
911 total
» units
| Peon | 10 | |
| Troll Headhunter/Berserker | 3 | |
| Grunt | 11 | |
| Wind Rider | 1 | |
25 total
» upgrades
» buildings
| Altar of Storms | 1 | |
| Orc Burrow | 7 | |
| War Mill | 1 | |
| Barracks | 2 | |
| Stronghold | 1 | |
| Voodoo Lounge | 1 | |
| Watch Tower | 4 | |
| Beastiary | 1 | |
18 total
» build order
00:06 Altar of Storms
00:08 Orc Burrow
01:06 War Mill
01:22 Orc Burrow
01:52 Barracks
02:43 Barracks
04:06 Orc Burrow
04:36 Stronghold
05:16 Voodoo Lounge
06:50 Orc Burrow
06:51 Orc Burrow
06:51 Orc Burrow
06:52 Orc Burrow
07:43 Watch Tower
07:44 Watch Tower
07:47 Watch Tower
07:48 Watch Tower
09:35 Beastiary
» items
| Healing Salve | 1 | |
| Lesser Clarity Potion | 1 | |
2 total
observersBEAR_AND,
Wachepti,
royceroyce2001,
DIRTMCGIRT,
Mata. Chat log
(00:09 / Observers) Mata.: hackin' and jackin'
(00:11 / Observers) Mata.: kinda follows
(00:19 / Observers) BEAR_AND: hack and jack - sausage and pancakes
(00:27 / Observers) BEAR_AND: or maphack & creepjack?
(00:29 / Observers) BEAR_AND: you decide
(00:30 / Observers) DIRTMCGIRT: what does wwgt stand for?
(00:35 / Observers) BEAR_AND: wintertime warcraft grudge tourn
(00:48 / Observers) Mata.: what would ? ?
(01:19 / Observers) Mata.: there have been a few playstyles in reps
(01:20 / Observers) BEAR_AND: who would god tap. dat ass? or that ass.
(01:20 / Observers) Mata.: i don't recognize
(01:33 / Observers) Mata.: what would gays think
(01:37 / Observers) Mata.: if you said that
(01:37 / Observers) Mata.: bear
(01:59 / Observers) BEAR_AND: hahah that milit not even gonna make it
(02:05 / Observers) BEAR_AND: he's the runner at marathon
(02:06 / Observers) Mata.: gay map, veto it
(02:12 / Observers) Mata.: look at how textures mess up
(02:15 / Observers) Mata.: by waterfall
(02:27 / Observers) BEAR_AND: orc has bad build
(02:31 / Observers) BEAR_AND: 2 burrows late rax?
(02:44 / Observers) BEAR_AND: war mill.....uh oh
(02:49 / Observers) BEAR_AND: headhunters?
(02:50 / Observers) DIRTMCGIRT: mass hh
(02:52 / Observers) DIRTMCGIRT: nice
(02:58 / Observers) BEAR_AND: oh damn
(03:04 / Observers) BEAR_AND: i haven't seen a real live headhunter build
(03:05 / Observers) BEAR_AND: ever
(03:08 / Observers) Mata.: green knows what he's doing
(03:13 / Observers) DIRTMCGIRT: i love massin hh
(03:17 / Observers) Mata.: i have a hh build in 2v2 at
(03:17 / Observers) DIRTMCGIRT: doesnt always work ho
(03:26 / Observers) DIRTMCGIRT: o i like to do it in solo
(03:30 / Observers) Mata.: but it depends on 200 gold from my ne ally
(03:31 / Observers) BEAR_AND: one time timg convinced me that hh/hunts in 2v2 was ridiculously good
(03:37 / Observers) BEAR_AND: we tried it, it was awful
(03:39 / Observers) Mata.: yeah it's a gimmick
(03:45 / Observers) DIRTMCGIRT: it works sometimes
(03:47 / Observers) Mata.: it's a little dated
(03:59 / Observers) BEAR_AND: sweet hide on the am
(04:01 / Observers) Mata.: but me and nad went i think realm best in westfall with hh hunt
(04:11 / Observers) Mata.: double cloak should be fast meld
(04:14 / Observers) Mata.: or meld during day?
(04:23 / Observers) BEAR_AND: yeah we talked about this once
(04:25 / Observers) BEAR_AND: meld during day
(04:34 / Observers) Mata.: nobody expects that camp
(04:37 / Observers) Mata.: come up and hop at em
(04:44 / Observers) BEAR_AND: "sweet...an alcove. i hide here"
(04:48 / Observers) BEAR_AND: see it drops too good of an item
(04:50 / Observers) Mata.: littel do they know
(04:52 / Observers) BEAR_AND: charged l4 or whatev
(04:53 / Observers) Mata.: ya
(04:55 / Observers) Mata.: gay map
(04:56 / Observers) Mata.: i told you
(04:57 / Observers) DIRTMCGIRT: damn
(04:58 / Observers) Mata.: rushed
(04:59 / Observers) DIRTMCGIRT: thats too good
(05:12 / Observers) Mata.: and these patches of grass
(05:12 / Observers) DIRTMCGIRT: am doesnt even have 500 hp to heal
(05:17 / Observers) Mata.: make no damn sense in this tileset
(05:27 / Observers) DIRTMCGIRT: maybe a dog peed there
(05:32 / Observers) DIRTMCGIRT: or a snow wombat
(05:37 / Observers) BEAR_AND: damn green got like 400 gold there in his pocket
(05:39 / Observers) Mata.: does that make grass grow on snoe
(05:40 / Observers) BEAR_AND: hope he doesn't get mugged
(05:55 / Observers) Mata.: i've never gotten mugged
(06:09 / Observers) DIRTMCGIRT: no shop
(06:10 / Observers) DIRTMCGIRT: gg
(06:17 / Observers) BEAR_AND: once crazy dude grabbed my arm when i left a 7-11 with some chips & a slurpee
(06:17 / Observers) Mata.: i'd probably talk all tuff about how i'd kill that motherfucker then i'd prob bitch out real hard
(06:18 / Observers) DIRTMCGIRT: o
(06:21 / Observers) DIRTMCGIRT: whoo
(06:22 / Observers) BEAR_AND: and said give me all your food
(06:33 / Observers) BEAR_AND: i just said go away
(06:33 / Observers) Mata.: dang defend man burrow harass...
(06:37 / Observers) royceroyce2001: repair?
(06:40 / Observers) BEAR_AND: haha
(06:43 / Observers) Wachepti: melddd
(06:44 / Observers) Mata.: owned
(06:44 / Observers) BEAR_AND: oooooo
(06:45 / Observers) Wachepti: welp
(06:49 / Observers) Mata.: lucker ass crit damn
(07:07 / Observers) Mata.: a yes
(07:26 / Observers) Mata.: the sorx
(07:29 / Observers) Mata.: are here..
(07:29 / Observers) DIRTMCGIRT: go attack his base
(07:40 / Observers) BEAR_AND: so are the Water Tauren
(07:53 / Observers) BEAR_AND: nooooo
(07:56 / Observers) Wachepti: heh
(07:58 / Observers) royceroyce2001: ugh
(08:00 / Observers) Mata.: prepare disc hack
(08:20 / Observers) Mata.: did green choose hu if so i know who it is ;-)
(08:23 / Observers) BEAR_AND: yes
(08:23 / Observers) BEAR_AND: chose
(08:37 / Observers) royceroyce2001: snacker obviously
(08:39 / Observers) Mata.: i would have tped home as soon as i saw those towers going up
(08:43 / Observers) Mata.: thanks for being a faggot royce
(08:50 / Observers) Wachepti: I bet orc is finex
(08:51 / Observers) royceroyce2001: what we cant guess?
(08:56 / Observers) Mata.: no...
(09:01 / Observers) royceroyce2001: thats what people were doing in all the replays
(09:12 / Observers) BEAR_AND: you can guess all you want but i'm not saying shit
(09:12 / Observers) DIRTMCGIRT: im guessing green is snacker
(09:39 / Observers) BEAR_AND: blade back
(09:45 / Observers) Mata.: i think i have everyone figured out except for mystery ud player
(09:55 / Observers) BEAR_AND: red blademaster back in action; but storm bolt gonna put him in traction
(10:26 / Observers) DIRTMCGIRT: storm bolt pls
(10:26 / Observers) Mata.: tojara gonna have a contraction when this stonesmith bla bla redaction
(10:29 / Observers) BEAR_AND: he has full mana
(10:44 / Observers) Wachepti: hahaha
(10:50 / Observers) BEAR_AND: seal....da deal.....
(10:52 / Observers) BEAR_AND: with some tower
(11:12 / Observers) Mata.: he had tp could have had the game right there
(11:13 / Observers) DIRTMCGIRT: jeez manner up already
(11:27 / Observers) Mata.: you dont understand
(11:29 / Observers) Mata.: wyvern coming out
(11:36 / Observers) Mata.: needs obs to see this turnarond
(11:39 / Observers) BEAR_AND: yeah vs elemental
(11:47 / Observers) DIRTMCGIRT: aw ye a wyv vs sorcs and levl 2 elemental
(11:49 / Observers) BEAR_AND: mega repair
(12:18 / All) WWGT]AnnaKondra: i think i lose horribly
(12:20 / Observers) DIRTMCGIRT: jeez red
(12:22 / Observers) DIRTMCGIRT: finally
(12:29 / All) WWGT]Maxx: no
(12:35 / All) WWGT]Maxx: i think you fought valiantly
(12:37 / Observers) Mata.: just ride out the storm red
(12:38 / Observers) Mata.: it's not over yet
(12:44 / All) WWGT]AnnaKondra: thx
(12:50 / Observers) DIRTMCGIRT: how many games are they playin?
(12:53 / Observers) BEAR_AND: bo3
(12:53 / Observers) royceroyce2001: or just running it
(12:54 / Observers) Mata.: 2
(12:55 / Observers) BEAR_AND: no just running
(12:59 / Observers) Mata.: or so we thank
(13:01 / Observers) BEAR_AND: i know who everyone is! wouldn't be fair
(13:11 / Observers) Mata.: nobody signed up sadly
(13:15 / Observers) Mata.: so bear_and is 14 of the playersd
(13:23 / All) WWGT]AnnaKondra: gg
(13:25 / All) WWGT]Maxx: gg
(13:30 / Observers) DIRTMCGIRT: finally
(13:39 / Observers) BEAR_AND: gg: "Good. Go on.
(13:55 / Observers) Mata.: he waiting on green's gg
(13:58 / Observers) BEAR_AND: look at this grunt
(13:58 / Observers) Mata.: oh wait
(14:01 / Observers) BEAR_AND: he gonna fuck shit up
(14:02 / Observers) Mata.: alraedy got that
(14:04 / Observers) Wachepti: green gg'd
(14:08 / Observers) royceroyce2001: grunt = last stand
(14:11 / Observers) Mata.: hahah
(14:15 / Observers) BEAR_AND: gonna be close
(14:16 / Observers) Mata.: gonna farmhide like a motherfucker
(14:20 / Observers) Mata.: spell out FUCK YOU OBSERVERS
(14:20 / Observers) BEAR_AND: there he goes
(14:22 / Observers) Mata.: in hidden halls
(14:30 / Observers) Mata.: priest lucked the fuck out that's bullshit
(14:40 / All) WWGT]AnnaKondra: your am has 2 cloaks
(14:40 / Observers) BEAR_AND: no manner